 Dungeon Crawl Stone Soup version 0.19-a0-1065-gdac414d (webtiles) character file.

249 Gagarin the Conjurer (level 5, -1/40 HPs)
             Began as a Draconian Conjurer on Aug 3, 2016.
             Slain by a gnoll
             ... wielding a +0 halberd
              (9 damage)
             ... on level 3 of the Dungeon.
             The game lasted 00:09:09 (2827 turns).

Gagarin the Conjurer (Draconian Conjurer)           Turns: 2827, Time: 00:09:10

Health: -1/40      AC:  5    Str: 10    XL:     5   Next: 86%
Magic:  1/8        EV: 13    Int: 16    God:
Gold:   137        SH:  0    Dex: 12    Spells: 2 memorised, 6 levels left

rFire  . . .     SeeInvis .     f - +0 dagger (venom)
rCold  . . .     Gourm    .     (armour unavailable)
rNeg   . . .     Faith    .     (no shield)
rPois  .         Spirit   .     g - +0 hat
rElec  .         Dismiss  .     (no cloak)
rCorr  .         Reflect  .     (no gloves)
SustAt .         Harm     .     (no boots)
MR     .....                    l - amulet of rage
Stlth  ++........               (no ring)
                                (no ring)

@: very slightly contaminated
A: unfitting armour, cold-blooded, AC +5
a: Evoke Berserk Rage


You were on level 3 of the Dungeon.
You were not hungry.

You visited 1 branch of the dungeon, and saw 3 of its levels.

You collected 137 gold pieces.

Inventory:

Hand Weapons
 e - a +0 club
 f - a +0 dagger of venom (weapon)
 r - a +0 blowgun
Armour
 g - a +0 hat (worn)
Jewellery
 l - an amulet of rage (around neck)
Scrolls
 c - 2 scrolls of teleportation {unknown}
 h - 3 scrolls of identify
 i - 2 scrolls of remove curse {unknown}
 k - a scroll of enchant weapon {unknown}
 o - a scroll of blinking {unknown}
Potions
 j - a potion of cancellation {unknown}
 m - 2 potions of might
 n - a potion of ambrosia {unknown}
Books
 a - a book of Conjurations

   Spells                             Type                      Level
   a - Magic Dart                     Conjuration                  1
   b - Searing Ray                    Conjuration                  2
   c - Dazzling Spray                 Conjuration/Hexes            3
   d - Fulminant Prism                Conjuration/Hexes            4
   e - Iskenderun's Mystic Blast      Conjuration                  4
   f - Iskenderun's Battlesphere      Conjuration/Charms           5
Comestibles
 b - a bread ration
 d - 3 chunks of flesh
 p - 2 fruits


   Skills:
 + Level 1.4 Fighting
 + Level 3.9 Dodging
 + Level 2.8 Stealth
 + Level 2.6 Spellcasting
 + Level 4.8 Conjurations
 + Level 0.6 Evocations


You had 6 spell levels left.
You knew the following spells:

 Your Spells              Type           Power        Failure   Level  Hunger
a - Magic Dart            Conj           ###.         3%          1    #......
b - Searing Ray           Conj           ###...       6%          2    ##.....


Dungeon Overview and Level Annotations

Branches:
Dungeon (3/15)

Altars:
Ashenzari


Innate Abilities, Weirdness & Mutations

Your plain brown scales are hard. (AC +5)
Your body does not fit into most forms of armour.
You are cold-blooded and may be slowed by cold attacks.


Message History

Casting: Magic Dart
Confirm with . or Enter, or press ? or * to list all spells.
Aiming: Magic Dart
Press: ? - help, Shift-Dir - straight line, f/p - gnoll
Aim: a gnoll, wielding a halberd The magic dart hits the gnoll.
The gnoll is severely wounded.
The gnoll hits you from afar with a spear.
Okay, then.
The gnoll hits you with a spear. The gnoll barely misses you.
You see here a giant gecko corpse.
You closely miss the gnoll.
The gnoll is severely wounded.
The gnoll hits you with a spear!
The gnoll hits you from afar with a halberd!
* * * LOW HITPOINT WARNING * * *
The gnoll hits you but does no damage. The gnoll barely misses you.
The gnoll hits you from afar with a halberd!
You die...

############# #...........#
###.#########.# #.....# #.#
##.###.#### #.# #..#
#....####@############
#..###.##.......g.g).$.....
#......#######g#######.###.
#.##.### #.# #.##.# #.#
#.##.# #.# #.##.####### #.#
###.##........ ...
......#####.## ##


You could see 3 gnolls.

Vanquished Creatures
  Natasha (thrice) (D:2)
  6 gnolls
  5 adders
  5 giant geckos
  A giant cockroach (D:2)
  9 hobgoblins
  3 jackals (D:2)
  9 kobolds
  A quokka (D:2)
  4 ball pythons
  10 bats
  5 giant newts
  5 goblins
  6 rats
72 creatures vanquished.

Notes
Turn   | Place    | Note
-------+----------+-------------------------------------------
     0 | D:1      | Gagarin the Draconian Conjurer began the quest for the Orb.
     0 | D:1      | Reached XP level 1. HP: 14/14 MP: 3/3
   425 | D:1      | Reached XP level 2. HP: 20/20 MP: 1/5
   540 | D:1      | Learned a level 2 spell: Searing Ray
  1049 | D:2      | Reached XP level 3. HP: 24/26 MP: 2/6
  1430 | D:2      | Reached XP level 4. HP: 30/33 MP: 3/7
  1621 | D:2      | Noticed Natasha
  1629 | D:2      | Killed Natasha
  1895 | D:2      | Noticed Natasha
  1900 | D:2      | Killed Natasha
  1900 | D:2      | Reached XP level 5. HP: 25/39 MP: 4/8
  1960 | D:2      | Noticed Natasha
  1965 | D:2      | Killed Natasha
  1965 | D:2      | Reached skill level 1 in Fighting
  2165 | D:3      | Found a shattered altar of Ashenzari.
  2284 | D:3      | HP: 1/40 [gnoll/halberd (11)]
  2827 | D:3      | Slain by a gnoll

Vault maps used:
D:1:      dpeg_arrival_round_c, serial_forest, infiniplex_forest_end_2,
          infiniplex_forest_fountain, infiniplex_forest_end_2,
          infiniplex_forest_side_room, infiniplex_forest_lined_room_2,
          infiniplex_forest_lined_room_
D:2:      uniq_natasha
D:3:      nrook_uturn, cheibrodos_ashenzari_chains, uniq_iyjb

Skill      XL: |  1  2  3  4  5 |
---------------+----------------+-----
Dodging        | 2 3 |  3.9
Stealth        | 2 |  2.8
Fighting       | 1 |  1.4
Spellcasting   | |  2.6
Conjurations   | |  4.8
Evocations     | |  0.6

Action                   |  1- 3 |  4- 6 || total
-------------------------+-------+-------++-------
Melee: Unarmed           |    16 |       ||    16
       Club              |    87 |       ||    87
       Tailslap          |    20 |    10 ||    30
       Dagger            |    16 |    65 ||    81
 Fire: Blowgun           |       |     3 ||     3
 Cast: Magic Dart        |    14 |    19 ||    33
       Searing Ray       |     3 |     5 ||     8
 Abil: Evoke Berserk Rag |       |     1 ||     1
  Use: Potion            |     2 |     1 ||     3
       Scroll            |       |     1 ||     1
 Stab: Sleeping          |     2 |       ||     2
  Eat: Chunk             |     2 |     6 ||     8
Armor: Skin              |    70 |    23 ||    93
Dodge: Dodged            |   127 |    78 ||   205
